 Dungeon Crawl Stone Soup version 0.27-a0-1189-gb8eb6cee8e (webtiles) character file.

Game seed: 16140129719085468445

156 1player the Stinger (level 5, -1/33 HPs)
             Began as an Octopode Transmuter on May 22, 2021.
             Slain by an orc
             ... wielding a +0 war axe
              (8 damage)
             ... on level 2 of the Dungeon.
             The game lasted 00:12:21 (4193 turns).

1player the Stinger (Octopode Transmuter)           Turns: 4193, Time: 00:12:22

Health: -1/33      AC:  1    Str: 10    XL:     5   Next: 37%
Magic:  8/8        EV: 13    Int: 16    God:
Gold:   93         SH:  0    Dex: 12    Spells: 4/8 levels left

rFire    . . .     SeeInvis .   a - +2 hunting sling (flame)
rCold    . . .     Faith    .   (no shield)
rNeg     . . .     Spirit   .   (helmet restricted)
rPois    .         Reflect  .   (no amulet)
rElec    .         Harm     .   c - ring of willpower
rCorr    .         Rampage  .   (no ring)
Will     +....                  (no ring)
Stlth    ++........             (no ring)
HPRegen  0.11/turn              (no ring)
MPRegen  0.11/turn              (no ring)
                                (no ring)
                                (no ring)

@: no status effects
A: almost no armour, amphibious, 8 rings, camouflage 1, gelatinous body 1,
(nimble swimmer 1), tentacles
a: no special abilities


You were on level 2 of the Dungeon.
You visited 1 branch of the dungeon, and saw 3 of its levels.

You collected 93 gold pieces.

Inventory:

Hand Weapons
 a - a +2 hunting sling of flaming (weapon)
 k - a +0 dagger of electrocution
Missiles
 b - 40 stones
 g - 31 poisoned darts
 l - 5 sling bullets (quivered ammo)
Jewellery
 c - a ring of willpower (left tentacle)
Wands
 n - a wand of iceblast (5)
Scrolls
 f - a scroll of fog {unknown}
 h - 2 scrolls of identify {@r1}
 i - a scroll of enchant armour
 j - a scroll of teleportation {unknown}
 p - a scroll of vulnerability {unknown}
Potions
 d - a potion of heal wounds {@q2}
 m - a potion of magic
 o - a potion of attraction {unknown}


   Skills:
 + Level 1.6 Fighting
 - Level 2.0 Dodging
 - Level 3.0 Unarmed Combat
 - Level 2.0 Spellcasting
 * Level 3.8 Transmutations
 - Level 4.0 Poison Magic


You had 4 spell levels left.
You knew the following spells:

 Your Spells              Type           Power      Damage    Failure   Level
a - Beastly Appendage     Tmut           26%        N/A       4%          1
z - Spider Form           Tmut/Pois      7%         N/A       12%         3

Your spell library contained the following spells:

 Spells                   Type           Power      Damage    Failure   Level
 Wereblood                Tmut           13%        N/A       6%          2
 Summon Small Mammal      Summ           4%         N/A       21%         1
 Call Imp                 Summ           1%         N/A       30%         2
 Call Canine Familiar     Summ           1%         N/A       52%         3
 Summon Guardian Golem    Hex/Summ       1%         N/A       52%         3
 Ice Form                 Ice/Tmut       7%         N/A       67%         4
 Summon Ice Beast         Ice/Summ       1%         N/A       90%         4
 Summon Lightning Spire   Summ/Air       1%         N/A       90%         4
 Hydra Form               Tmut           6%         N/A       75%         5


Dungeon Overview and Level Annotations

Branches:
Dungeon (3/15)

Altars:
Xom

Annotations:
D:2 Terence


Innate Abilities, Weirdness & Mutations

You cannot wear most types of armour.
You are amphibious.
You can wear up to eight rings at the same time.
Your skin changes colour to match your surroundings (Stealth+).
Your rubbery body absorbs attacks. (AC +1, EV +1)
((You are camouflaged near water. (Stealth+)))
You have tentacles for arms and can constrict up to eight enemies at once.


Message History

Okay, then.
Unknown command.
Aiming: Iceblast
Press: ? - help, Shift-Dir - straight line, f - orc wizard, p - orc
Aim: an orc wizard, wielding a +0 dagger and wearing a +0 robe The mass of ice explodes!
The iceblast engulfs the orc wizard.
The orc wizard is moderately wounded.
The iceblast engulfs the orc priest!
The orc priest is severely wounded.
You hear an angry hiss.
Aiming: Iceblast
Press: ? - help, Shift-Dir - straight line, p - orc wizard The mass of ice explodes!
The iceblast engulfs the orc wizard!
You kill the orc wizard!
You hear a shout!
The orc priest mumbles some strange prayers to Beogh against you.
Beogh smites you!
Ouch! That really hurt!
* * * LOW HITPOINT WARNING * * *
You have reached level 5!
You feel stronger.
Aiming: Iceblast
Press: ? - help, Shift-Dir - straight line The mass of ice explodes!
The iceblast engulfs the orc priest!
You kill the orc priest!
You hear a shout!
There is a stone staircase leading up, spattered with blood here.
The adder bites you.
* * * LOW HITPOINT WARNING * * *
The orc closely misses you.
You climb upwards.
Level annotation: Terence
There is a stone staircase leading down here.
The orc misses you. The adder barely misses you. The orc closely misses you.
The adder bites you.
* * * LOW HITPOINT WARNING * * *
The orc hits you with a +0 war axe!
You die...

......# #####.##### #...#
####### #.).....# #...# #
#######.###.#.#### #...# #
#................# #...# #
#........#....##.######...###
#
#........#.#.................
#
#............S.#.............
#
#........##..o.#....>........
#
#<.......##.@.###.#####...###
# #.............###.# #...# #
###########.......# #...# ###
###.##### ##...### ..# #.#
#......# #.# #############.#
#....#.# #.###.............#
#....#.# ....#.##?##.#######
#.#....# #.#.#.##@ #.#
######## #.###..#


You could see an adder and an orc.

Vanquished Creatures
  An orc priest (D:3)
  An orc wizard (D:3)
  3 gnolls (D:2)
  3 adders (D:2)
  7 orcs
  2 bats (D:2)
  6 endoplasms
  A giant cockroach (D:1)
  4 goblins
  4 hobgoblins
  A kobold (D:2)
  3 ball pythons
  4 rats
40 creatures vanquished.

Notes
Turn   | Place    | Note
-------+----------+-------------------------------------------
     0 | D:1      | 1player the Octopode Transmuter began the quest for the
                  | Orb.
     0 | D:1      | Reached XP level 1. HP: 13/13 MP: 3/3
    76 | D:1      | Found a faded altar of an unknown god.
   214 | D:1      | Reached skill level 1 in Poison Magic
   329 | D:1      | Reached skill level 2 in Poison Magic
   329 | D:1      | Reached XP level 2. HP: 18/18 MP: 5/5
   760 | D:2      | Noticed Terence
   992 | D:2      | Found a shimmering altar of Xom.
  1241 | D:2      | Reached skill level 3 in Poison Magic
  1241 | D:2      | Reached XP level 3. HP: 11/23 MP: 4/6
  1473 | D:2      | Learned a level 3 spell: Spider Form
  2497 | D:2      | Reached skill level 4 in Poison Magic
  2497 | D:2      | Reached XP level 4. HP: 13/28 MP: 5/7
  4163 | D:3      | Reached XP level 5. HP: 8/33 MP: 8/8
  4193 | D:2      | Slain by an orc

Illustrated notes

Levels and vault maps discovered:
D:1:      dpeg_arrival_water_temple_mockup, layout_rooms,
          hellmonk_ecumenical_altar_arch_garden
D:2:      layout_loops_cross, basic_altar, uniq_terence
D:3:      layout_rooms, amethyst_killhole, chequers_mini_garden

Skill      XL: |  1  2  3  4 |
---------------+-------------+-----
Poison Magic   | 2 3 4 |  4.0
Transmutations | 3 |  3.8
Fighting       | |  1.6
Dodging        | |  2.0
Unarmed Combat | |  3.0
Spellcasting   | |  2.0

Action                   |  1- 3 |  4- 6 || total
-------------------------+-------+-------++-------
Melee: Unarmed           |    32 |    19 ||    51
       Constrict         |    10 |     6 ||    16
       Kick              |     7 |     4 ||    11
       Tentacles         |     5 |     4 ||     9
       Punch             |     2 |       ||     2
 Fire: Hunting sling     |    42 |    18 ||    60
Throw: Dart              |       |     2 ||     2
 Cast: Beastly Appendage |     8 |     5 ||    13
Evoke: Wand              |       |     3 ||     3
  Use: Scroll            |     3 |     1 ||     4
 Stab: Sleeping          |     1 |     1 ||     2
Armor: Skin              |     3 |       ||     3
Dodge: Dodged            |    22 |    18 ||    40

Table legend: (Time is in decaauts)
 A = Elapsed time spent in this place.
 B = Non-inter-level travel time spent in this place.
 C = Inter-level travel time spent in this place.
 D = Time resting spent in this place.
 E = Time spent auto-exploring this place.
 F = Levels seen in this place.
 G = Mean time per level.
                   A        B        C        D        E       F      G
               +--------+--------+--------+--------+--------+-----+--------+
         Total |   4190 |   3860 |    330 |   1520 |    934 |   3 | 1396.7 |
       Dungeon |   4190 |   3860 |    330 |   1520 |    934 |   3 | 1396.7 |
               +--------+--------+--------+--------+--------+-----+--------+

Top non-repeatable levels by time:
     D:2: 2842 daAuts
     D:1: 827 daAuts
     D:3: 520 daAuts
